 Dungeon Crawl Stone Soup version 0.25-a0-730-g633e9c3c14 (webtiles) character file.

Game seed: 7581457706292776307, levelgen mode: deterministic

9 Lugonue the Stinger (level 2, -1/15 HPs)
             Began as a Tengu Venom Mage on Apr 7, 2020.
             Succumbed to a hobgoblin's poison
             ... on level 1 of the Dungeon.
             The game lasted 00:01:39 (466 turns).

Lugonue the Stinger (Tengu Venom Mage)               Turns: 466, Time: 00:01:40

Health: -1/15      AC:  2    Str:  8    XL:     2   Next: 16%
Magic:  1/6        EV: 12    Int: 15    God:
Gold:   64         SH:  0    Dex: 14    Spells: 4/5 levels left

rFire    . . .     SeeInvis .   (no weapon)
rCold    . . .     Gourm    .   (no shield)
rNeg     . . .     Faith    .   a - +0 robe
rPois    .         Spirit   .   (helmet restricted)
rElec    .         Reflect  .   (no cloak)
rCorr    .         Harm     .   (no gloves)
MR       .....                  (boots unavailable)
Stlth    ++........             (no amulet)
HPRegen  0.05/turn              (no ring)
MPRegen  0.10/turn              (no ring)

@: brilliant, lethally poisoned (-1 -> -22)
A: beak, talons 3
a: no special abilities


You were on level 1 of the Dungeon.
You were not hungry.

You visited 1 branch of the dungeon, and saw 1 of its levels.

You collected 64 gold pieces.

Inventory:

Missiles
 h - a poisoned dart (quivered)
Armour
 a - a +0 robe (worn)
 b - a +0 kite shield
Scrolls
 d - a scroll of amnesia {unknown}
 e - a scroll of remove curse {unknown}
 f - a scroll of enchant armour {unknown}
Comestibles
 c - 2 rations


   Skills:
 * Level 0.1 Fighting
 + Level 2.2 Dodging
 + Level 2.1 Stealth
 + Level 2.0 Spellcasting
 + Level 0.7 Transmutations
 + Level 3.4 Poison Magic


You had 4 spell levels left.
You knew the following spells:

 Your Spells              Type           Power        Failure   Level  Hunger
a - Sting                 Tmut/Pois      ##..         10%         1    None

Your spell library contained the following spells:

 Spells                   Type           Power        Failure   Level  Hunger
 Poisonous Vapours        Pois/Air       ##....       17%         2    None
 Ignite Poison            Fire/Tmut/Pois #.......     36%         3    None
 Mephitic Cloud           Conj/Pois/Air  #.......     38%         3    None
 Olgreb's Toxic Radiance  Pois           ###.....     47%         4    None


Dungeon Overview and Level Annotations

Branches:
Dungeon (1/15)

Altars:


Innate Abilities, Weirdness & Mutations

You have a beak for a mouth.
You have claws for feet.


Message History

Press: ? - help, Shift-Dir - straight line, f/p - hobgoblin
Aim: a hobgoblin (heavily wounded, poisoned)
You feel a surge of power!
The sting hits the hobgoblin but does no damage.
The hobgoblin looks even sicker.
The hobgoblin is heavily wounded.
* * * LOW HITPOINT WARNING * * *
You feel sick.
* * * LOW HITPOINT WARNING * * *
You feel sick.
You see here 3 poisoned darts.
Casting: Sting (safe; 10% risk of failure)
Confirm with . or Enter, or press ? or * to list all spells.
Aiming: Sting (safe; 10% risk of failure)
Press: ? - help, Shift-Dir - straight line, f/p - hobgoblin
Aim: a hobgoblin (almost dead, very poisoned)
You feel a surge of power!
The sting hits the hobgoblin.
The hobgoblin looks even sicker.
You kill the hobgoblin!
You die...

######################
..............((@()..#
####################(#
######
...######.######......
..........g.g(.†......
.#.######.#####.......
#.÷†..........
########..##.b ......
......


There were no monsters in sight!

Vanquished Creatures
  A leopard gecko (D:1)
  3 hobgoblins (D:1)
  3 bats (D:1)
  A kobold (D:1)
8 creatures vanquished.

Notes
Turn   | Place    | Note
-------+----------+-------------------------------------------
     0 | D:1      | Lugonue the Tengu Venom Mage began the quest for the Orb.
     0 | D:1      | Reached XP level 1. HP: 10/10 MP: 4/4
   436 | D:1      | Reached XP level 2. HP: 13/15 MP: 3/6
   466 | D:1      | Succumbed to a hobgoblin's poison

Levels and vault maps discovered:
D:1:      dpeg_arrival_oval, layout_basic, chequers_serial_rivers_small_b

Action                   || total
-------------------------++-------
Melee: Unarmed           ||    12
       Kick              ||     2
       Peck              ||     2
Throw: Dart              ||     1
 Cast: Sting             ||    12
  Use: Potion            ||     1
Armor: Robe              ||     3
Dodge: Dodged            ||    23

Table legend:
 A = Non-vault XP
 B = Vault XP
 C = Vault XP percentage of total XP
 D = Non-vault monster count
 E = Vault monster count
 F = Vault count percentage of total count
                 A         B        C        D         E       F
            +---------+---------+-------+---------+---------+-------
      Total |      14 |       0 |   0.0 |       8 |       0 |   0.0
            +---------+---------+-------+---------+---------+-------
        D:1 |      14 |       0 |   0.0 |       8 |       0 |   0.0
            +---------+---------+-------+---------+---------+-------
